 Dungeon Crawl Stone Soup version 0.30.0-29-ga12c61a403 (webtiles) character file.

Game seed: 14083828300866358103

151 ChadusMaximus the Covered (level 5, -1/47 HPs)
             Began as a Minotaur Fighter on June 12, 2023.
             Killed by nerve-wracking pain
             ... invoked by an orc priest
              (10 damage)
             ... on level 3 of the Dungeon.
             The game lasted 00:01:42 (1638 turns).

ChadusMaximus the Covered (Minotaur Fighter)        Turns: 1638, Time: 00:01:43

Health: -1/47      AC: 10    Str: 23    XL:     5   Next: 11%
Magic:  4/4        EV:  8    Int:  5    God:
Gold:   121        SH:  4    Dex:  9    Spells: 4/4 levels left

rFire   . . .        a - +0 war axe
rCold   . . .        c - +0 buckler
rNeg    . . .        i - +0 chain mail
rPois   .            (helmet restricted)
rElec   .            k - +0 cloak
rCorr   .            (no gloves)
SInv    .            (no boots)
Will    .....        (no amulet) Stlth
                     (no ring)
HPRegen 0.27/turn    (no ring)
MPRegen 0.09/turn

%: no passive effects
@: no status effects
A: horns 2, retaliatory headbutt
a: no special abilities


You were on level 3 of the Dungeon.
You visited 1 branch of the dungeon, and saw 3 of its levels.

You collected 121 gold pieces.

Inventory:

Hand Weapons
 a - a +0 war axe (weapon)
Armour
 b - a +0 scale mail
 c - a +0 buckler (worn)
 i - a +0 chain mail (worn)
 k - a +0 cloak (worn)
Scrolls
 e - 2 scrolls of identify {unknown}
 g - a scroll of teleportation {unknown}
 h - a scroll of immolation {unknown}
 l - a scroll of enchant armour {unknown}
 n - a scroll of amnesia {unknown}
Potions
 d - a potion of might
 f - 2 potions of curing {unknown}
 j - 2 potions of degeneration {unknown}
 m - a potion of flight {unknown}
 o - a potion of magic {unknown}


   Skills:
 + Level 4.5 Fighting
 * Level 4.4 Axes
 + Level 4.5 Armour
 + Level 4.5 Shields


You had 4 spell levels left.
You didn't know any spells.
Your spell library contained the following spells:

 Spells                   Type           Power      Damage    Failure   Level
 Sting                    Tmut/Pois      0%         1d3       98%         1
 Poisonous Vapours        Pois/Air       0%         N/A       99%         2
 Dazzling Flash           Conj/Hex       0%         N/A       100%        3
 Volatile Blastmotes      Fire/Tloc      0%         2d10      100%        3
 Iskenderun's Mystic Bla  Conj/Tloc      0%         2d3       100%        4
 Olgreb's Toxic Radiance  Pois           0%         N/A       100%        4
 Starburst                Conj/Fire      0%         6d3       100%        6


Dungeon Overview and Level Annotations

Branches:
Dungeon (3/15)

Altars:
Fedhas
Makhleb
Qazlal

Shops:
D:2 [


Innate Abilities, Weirdness & Mutations

You have a pair of horns on your head.
You reflexively headbutt those who attack you in melee.


Message History

The orc wizard is severely wounded.
The orc wizard hits you but does no damage.
The orc misses you.
There are monsters nearby!
You slash the orc wizard!
You kill the orc wizard!
The orc priest invokes the aid of Beogh against you.
Beogh smites you! The orc closely misses you. The orc barely misses you.
You have reached level 5!
There are monsters nearby!
You block the orc's attack.
Things that are here:
a +0 dagger; a +0 robe; an orc corpse
There are monsters nearby!
Unknown command.
You barely miss the orc. You headbutt the orc, but do no damage.
There are monsters nearby!
You barely miss the orc priest. You hit the orc.
The orc priest invokes the aid of Beogh against you.
Beogh smites you! You block the orc's attack.
Unknown command.
There are monsters nearby!
You are too injured to fight recklessly!
You are too injured to fight recklessly!
There are monsters nearby!
Unknown command.
You are too injured to fight recklessly!
Unknown command.
You closely miss the orc priest. You hit the orc.
The orc priest invokes the aid of Beogh against you.
Beogh smites you!
* * * LOW HITPOINT WARNING * * *
The orc hits you but does no damage.
Unknown command.
You slash the orc!
You kill the orc!
You barely miss the orc priest.
The orc priest calls down the wrath of Beogh upon you.
Pain shoots through your body!
You die...

#.....# #.# ....
#.....# #.##....
......# #.#..#
#.....# ####...#
#.....####......#
#.....#....##...#
#.....+...).....#
#.....#.######..##
######..# ##.@#
.......##
##)o......
....#### #........
...>#######
####.###.
..........# .#
..........# #.#...
##........# .
#.#.. #...'######
. #.#...#
##..#...#.###.
#.....


You could see an orc priest.

Vanquished Creatures
  2 orc wizards (D:3)
  4 adders
  A worm (D:2)
  A dart slug (D:1)
  2 orcs (D:3)
  A ball python (D:2)
  8 bats
  5 endoplasms
  2 giant cockroaches (D:2)
  9 goblins
  9 hobgoblins
  A quokka (D:3)
  9 frilled lizards
  4 kobolds (D:1)
  4 rats
62 creatures vanquished.

Notes
Turn   | Place    | Note
-------+----------+-------------------------------------------
     0 | D:1      | ChadusMaximus the Minotaur Fighter began the quest for the
                  | Orb.
     0 | D:1      | Reached XP level 1. HP: 19/19 MP: 0/0
    50 | D:1      | Found a faded altar of an unknown god.
   106 | D:1      | Reached XP level 2. HP: 27/27 MP: 1/1
   478 | D:1      | Reached XP level 3. HP: 33/33 MP: 2/2
   975 | D:2      | Found Untivvoi's Armour Shoppe.
  1221 | D:2      | Found a stormy altar of Qazlal.
  1417 | D:2      | Reached XP level 4. HP: 40/40 MP: 3/3
  1531 | D:3      | Found a blossoming altar of Fedhas.
  1561 | D:3      | Found a burning altar of Makhleb.
  1634 | D:3      | Reached XP level 5. HP: 33/47 MP: 4/4
  1638 | D:3      | Killed from afar by an orc priest

Illustrated notes

Levels and vault maps discovered:
D:1:      spicycebolla_arrival_clurvy, layout_rooms, basic_ecumenical_altar,
          serial_forest, infiniplex_forest_corner_1, infiniplex_forest_lined_2,
          infiniplex_forest_corner_1, infiniplex_forest_lined_corner,
          infiniplex_forest_lined_3, infiniplex_forest_end_1,
          infiniplex_forest_clump_long, st_stairs_10, minivault_23
D:2:      layout_rooms, basic_altar, serial_shops, shop
D:3:      layout_basic, mainiacjoe_overflow_swirl,
          mainiacjoe_overflow_cross_hatched, hex_intersection,
          kennysheep_small_spiral, kennysheep_jessica_study

Skill      XL: |  1  2  3  4 |
---------------+-------------+-----
Axes           | 3 4 |  4.4
Fighting       | 4 |  4.5
Armour         | 4 |  4.5
Shields        | 4 |  4.5

Action                     |  1- 3 |  4- 6 || total
---------------------------+-------+-------++-------
  Melee: War axe           |   121 |    28 ||   149
         Headbutt          |    25 |     6 ||    31
 Armour: Scale mail        |    32 |       ||    32
         Chain mail        |    19 |    17 ||    36
  Dodge: Dodged            |    46 |    11 ||    57
  Block: Buckler           |    22 |     7 ||    29
